 Dungeon Crawl Stone Soup version 0.28.0 (webtiles) character file.

Game seed: 8617008970723169588

1284 issech the Cudgeller (level 8, -10/79 HPs)
             Began as a Troll Monk on Feb 17, 2022.
             Mangled by a wyvern (12 damage)
             ... on level 5 of the Dungeon.
             The game lasted 00:19:26 (4477 turns).

issech the Cudgeller (Troll Monk)                   Turns: 4477, Time: 00:19:27

Health: -10/79     AC:  4    Str: 20    XL:     8   Next: 29%
Magic:  7/7        EV: 11    Int:  6    God:
Gold:   170        SH:  0    Dex: 14    Spells: 7/7 levels left

rFire   . . .      SeeInvis .   x - +0 giant club
rCold   . . .      Faith    .   (shield currently unavailable)
rNeg    . . .      Spirit   .   s - +0 animal skin
rPois   .          Reflect  .   (helmet restricted)
rElec   .          Harm     .   (no cloak)
rCorr   +          Rampage  .   (gloves unavailable)
Will    .....                   (boots unavailable)
Stlth   ++........              (no amulet)
HPRegen 1.03/turn               y - ring of resist corrosion
MPRegen 0.10/turn               (no ring)

@: no status effects
A: large, unfitting armour, claws 3, regeneration 1, shaggy fur 1, tough skin 1
a: no special abilities


You were on level 5 of the Dungeon.
You visited 1 branch of the dungeon, and saw 5 of its levels.

You collected 170 gold pieces.

Inventory:

Hand Weapons
 a - a +0 mace
 k - a +0 hunting sling
 t - a +1 short sword of holy wrath
 x - a +0 giant club (weapon)
 A - a +2 spear of venom
 F - a +0 arbalest
Missiles
 c - 163 stones (quivered)
 g - 6 poisoned darts
 i - 11 arrows
 l - 41 sling bullets
 o - a throwing net
Armour
 b - a +0 robe
 s - a +0 animal skin (worn)
 z - a +0 kite shield
Magical Staves
 E - a staff of death
Jewellery
 y - a ring of resist corrosion (left claw)
Scrolls
 h - 2 scrolls of vulnerability
 j - a scroll of blinking {unknown}
 n - 3 scrolls of noise
 p - a scroll of teleportation {unknown}
 q - a scroll of magic mapping {unknown}
 r - a scroll of fog {unknown}
 u - a scroll of enchant weapon {unknown}
 v - 2 scrolls of silence
 B - a scroll of amnesia {unknown}
 D - a scroll of enchant armour {unknown}
Potions
 d - a potion of flight {unknown}
 e - a potion of lignification {unknown}
 f - 4 potions of curing {unknown}
 m - a potion of might {unknown}
 w - a potion of heal wounds {unknown}
 C - 2 potions of cancellation {unknown}
 G - a potion of invisibility {unknown}


   Skills:
 + Level 4.6 Fighting
 + Level 6.8 Maces & Flails
 + Level 4.8 Dodging
 + Level 1.8 Stealth


You had 7 spell levels left.
You didn't know any spells.
Your spell library contained the following spells:

 Spells                   Type           Power      Damage    Failure   Level
 Sting                    Tmut/Pois      0%         1d3       45%         1
 Ensorcelled Hibernation  Hex/Ice        0%         N/A       58%         2
 Poisonous Vapours        Pois/Air       0%         N/A       58%         2
 Spider Form              Tmut/Pois      0%         N/A       83%         3
 Anguish                  Hex/Necr       0%         N/A       99%         4
 Animate Dead             Necr           0%         N/A       99%         4
 Olgreb's Toxic Radiance  Pois           0%         N/A       99%         4
 Petrify                  Tmut/Erth      0%         N/A       99%         4
 Borgnjor's Vile Clutch   Necr/Erth      0%         N/A       100%        5
 Metabolic Englaciation   Hex/Ice        0%         N/A       100%        5
 Death Channel            Necr           0%         N/A       100%        6
 Statue Form              Tmut/Erth      0%         N/A       100%        6


Dungeon Overview and Level Annotations

Branches:
Dungeon (5/15)
 Temple: D:4-7

Altars:
Ashenzari
Nemelex Xobeh
Wu Jian

Shops:
D:4 **


Innate Abilities, Weirdness & Mutations

You are too large for most types of armour.
You have claws for hands.
Your natural rate of healing is unusually fast.
You are covered in fur. (AC +1)
You have tough skin. (AC +1)


Message History

You see here a +0 chain mail.
You see here a +0 chain mail.
A wyvern comes into view.
The wyvern hisses angrily.
The helpless jelly fails to defend itself.
You thump the jelly!
Your claws burn!
The jelly is heavily wounded.
The wyvern bites you. The jelly misses you.
You sock the jelly!
You kill the jelly!
The wyvern bites you! The wyvern closely misses you.
You closely miss the wyvern. The wyvern barely misses you.
The wyvern closely misses you.
You hit the wyvern.
The wyvern is lightly wounded.
The wyvern closely misses you. x2
You bludgeon the wyvern!!
The wyvern is severely wounded.
The wyvern bites you! The wyvern closely misses you.
You closely miss the wyvern.
The wyvern is severely wounded.
The wyvern bites you! The wyvern closely misses you.
You hit the wyvern but do no damage.
The wyvern is severely wounded.
The wyvern bites you but does no damage. x2
You completely miss the wyvern.
The wyvern is severely wounded.
The wyvern bites you! x2
* * * LOW HITPOINT WARNING * * *
Unknown command.
You barely miss the wyvern.
The wyvern is severely wounded.
The wyvern bites you.
* * * LOW HITPOINT WARNING * * *
You barely miss the wyvern.
The wyvern is severely wounded.
The wyvern bites you!
* * * LOW HITPOINT WARNING * * *
The wyvern bites you!
You die...

....# ....# #.....# ....# #.....#
######### ....# ######.....#
#........ ....# ...........#
##.#...... ....# ...........#
##......... ##### ...........#
........... # ...........#
........... ######### #l@...#
...........
........########....##...........
..............[.....>####........
...♣P≈♣.########.................
...≈≈≈≈≈##### #..........#.#....
...♣≈..♣....# #......... #.#.###
............# #......... #.#.###
.........♣..# #..........#.#....
.......♣....####.....####.#.#.###


You could see a wyvern.

Vanquished Creatures
  Grinder (D:3)
  A black bear (D:3)
  A sky beast (D:3)
  An ogre (D:4)
  A necrophage (D:5)
  A phantom (D:4)
  A gnoll sergeant (D:5)
  A water moccasin zombie (D:5)
  A hound (D:4)
  3 jellies (D:5)
  2 scorpion zombies (D:5)
  A hound zombie (D:5)
  Robin (D:3)
  17 gnolls
  11 adders
  A dart slug (D:1)
  3 orcs
  11 endoplasms
  2 giant cockroaches
  13 goblins
  7 hobgoblins
  8 kobolds
  A quokka (D:5)
  5 ball pythons
  6 bats
  3 frilled lizards
  4 rats
108 creatures vanquished.

Vanquished Creatures (others)
  12 plants (D:5)
12 creatures vanquished.

Grand Total: 120 creatures vanquished

Notes
Turn   | Place    | Note
-------+----------+-------------------------------------------
     0 | D:1      | issech the Troll Monk began the quest for the Orb.
     0 | D:1      | Reached XP level 1. HP: 22/22 MP: 0/0
   151 | D:1      | Reached XP level 2. HP: 29/29 MP: 1/1
   282 | D:1      | Reached skill level 3 in Maces & Flails
   730 | D:2      | Reached XP level 3. HP: 33/36 MP: 2/2
   817 | D:2      | Reached XP level 4. HP: 5/44 MP: 3/3
  1107 | D:2      | Found a faded altar of an unknown god.
  1189 | D:2      | Reached skill level 4 in Maces & Flails
  1189 | D:2      | Reached XP level 5. HP: 29/53 MP: 4/4
  1636 | D:3      | Noticed a sky beast
  1783 | D:3      | Noticed Grinder
  1783 | D:3      | Paralysed by Grinder for 6 turns
  1792 | D:3      | Paralysed by Grinder for 3 turns
  1802 | D:3      | Paralysed by Grinder for 5 turns
  1870 | D:3      | Paralysed by Grinder for 4 turns
  1886 | D:3      | Paralysed by Grinder for 6 turns
  1896 | D:3      | HP: 2/53 [Grinder/nerve-wracking pain (8)]
  1976 | D:3      | Paralysed by Grinder for 6 turns
  1982 | D:3      | Killed Grinder
  1983 | D:3      | Reached XP level 6. HP: 14/61 MP: 5/5
  2195 | D:3      | Killed a sky beast
  2196 | D:3      | Reached skill level 5 in Maces & Flails
  2324 | D:3      | Reached XP level 7. HP: 52/68 MP: 6/6
  2334 | D:3      | Found a broken altar of Ashenzari.
  2492 | D:3      | Noticed Robin
  2513 | D:3      | Killed Robin
  2843 | D:4      | Found Taowo's General Store.
  3214 | D:4      | Found a sparkling altar of Nemelex Xobeh.
  3252 | D:4      | Found Sucemp's General Store.
  3266 | D:4      | Found an ornate altar of the Wu Jian Council.
  3487 | D:5      | Entered Level 5 of the Dungeon
  3940 | D:5      | Reached skill level 6 in Maces & Flails
  3981 | D:5      | Reached XP level 8. HP: 19/79 MP: 7/7
  4477 | D:5      | HP: 2/79 [wyvern (11)]
  4477 | D:5      | Mangled by a wyvern

Illustrated notes

Levels and vault maps discovered:
D:1:      wander_arrival_fairy_ring, layout_basic
D:2:      layout_basic, basic_ecumenical_altar, skrybe_limestone_x
D:3:      layout_loops_cross, mainiacjoe_overflow_six_doors_small,
          minmay_misc_feat_roman, uniq_grinder, uniq_robin
D:4:      layout_rooms, lemuel_crystal_altar, nemelex_spade_bored_becter,
          serial_shops, nicolae_diamond_shop, shop,
          nicolae_elevator_lobby_asterisk
D:5:      layout_basic, serial_bayou, serial_bayou_pond_a, serial_bayou_pond_c,
          serial_bayou_crossing, serial_bayou_pond_a, serial_bayou_pond_e,
          glass_columns_a

Skill      XL: |  1  2  3  4  5  6  7 |
---------------+----------------------+-----
Maces & Flails | 3 4 5 6 |  6.8
Dodging        | 3 4 |  4.8
Fighting       | 3 4 |  4.6
Stealth        | |  1.8

Action                   |  1- 3 |  4- 6 |  7- 9 || total
-------------------------+-------+-------+-------++-------
Melee: Mace              |    97 |   201 |   143 ||   441
       Punch             |     1 |     2 |     4 ||     7
       Giant club        |       |       |    87 ||    87
  Use: Scroll            |       |     3 |     1 ||     4
 Stab: Sleeping          |     2 |     2 |     4 ||     8
       Distracted        |       |     1 |       ||     1
Armor: Robe              |    43 |    51 |    13 ||   107
       Animal skin       |       |       |    57 ||    57
Dodge: Dodged            |    65 |    94 |   160 ||   319
